 Dungeon Crawl Stone Soup version 0.28-a0-172-g787e458d71 (webtiles) character file.

Game seed: 3157709812868826954

32018 finalDestination the Martial Artist (level 14, -2/126 HPs)
             Began as a Djinni Transmuter on Aug 17, 2021.
             Was a Believer of Makhleb.
             Slain by an elephant (5 damage)
             ... on level 5 of the Lair of Beasts.
             The game lasted 01:17:00 (25082 turns).

finalDestination the Martial Artist (DjTm)         Turns: 25082, Time: 01:17:00

Health: -2/126     AC: 10    Str:  9    XL:     14   Next: 0%
Gold:   38         EV: 14    Int: 18    God:    Makhleb [**....] SH:  0 Dex: 16

rFire   x . .      SeeInvis .     - Unarmed
rCold   + + +      Faith    .   (shield currently unavailable)
rNeg    . . .      Spirit   .   (armour currently unavailable)
rPois   ∞          Reflect  .   (helmet currently unavailable)
rElec   .          Harm     .   (cloak currently unavailable)
rCorr   .          Rampage  .   (gloves currently unavailable)
Will    +....                   (boots unavailable)
Stlth   +.........              (no amulet)
HPRegen 0.31/turn               (no ring)
MPRegen 0.00/turn               (no ring)

@: ice-form, flying
A: freezing attack, flying, boosted hp, sickness immunity, large, (fire
resistance 2), (cold vulnerability 1), float, innate caster, hp casting, extra
vitality 1
a: End Transformation, Renounce Religion, Minor Destruction


You were on level 5 of the Lair of Beasts.
You worshipped Makhleb.
Makhleb was pleased with you.
You were a creature of crystalline ice.
You visited 3 branches of the dungeon, and saw 16 of its levels.
You also visited: Ossuary and Volcano.

You collected 38 gold pieces.

Inventory:

Armour
 a - a +0 robe (melded)


   Skills:
 + Level 11.3 Fighting
 + Level 9.7 Dodging
 + Level 11.7 Unarmed Combat
 + Level 10.5 Spellcasting
 - Level 4.0 Invocations


You had 6 spell levels left.
You knew the following spells:

 Your Spells              Type           Power      Damage    Failure   Level
a - Beastly Appendage     Tmut           94%        N/A       1%          1
b - Wereblood             Tmut           47%        N/A       1%          2
c - Spider Form           Tmut/Pois      23%        N/A       1%          3
d - Ice Form              Ice/Tmut       47%        N/A       1%          4
e - Sting                 Tmut/Pois      100%       1d8       1%          1
f - Blink                 Tloc           N/A        N/A       1%          2
g - Summon Guardian Gole  Hex/Summ       47%        N/A       1%          3
h - Stone Arrow           Conj/Erth      94%        3d12      1%          3
i - Sticky Flame          Conj/Fire      47%        2d6       1%          4
j - Bolt of Magma         Conj/Fire/Erth 23%        4d11      2%          5
Your spell library was empty.

Dungeon Overview and Level Annotations

Branches:
Dungeon (9/15)             Temple (1/1) D:6            Lair (6/6) D:9
 Shoals (0/4) Lair:2        Snake (0/4) Lair:2          Orc (0/2) D:9
Ossuary (visited)         Volcano (visited)
  Slime: Lair:5-6

Altars:
Ashenzari
Cheibriados
Dithmenos
Elyvilon
Fedhas
Gozag
Hepliaklqana
Kikubaaqudgha
Makhleb
Nemelex Xobeh
Okawaru
Qazlal
Ru
Sif Muna
Trog
Vehumet
Wu Jian
Xom
Yredelemnul
Zin
The Shining One

Shops:
D:7 *   D:8 (

Annotations:
D:7 Pikel
Lair:2 Urug
Lair:3 exclusion: 3 oklob plants, Rupert
Lair:4 2 runed translucent doors, Daelid's ghost, journeyman MfGl
Lair:5 exclusion: oklob plant


Innate Abilities, Weirdness & Mutations

You are a creature of crystalline ice.
You have a powerful freezing melee attack.
You are flying.
Your maximum health is increased.
Your armour is entirely melded.
You are incapable of wielding weapons or throwing items.
You are immune to sickness and miasma.
You are immune to poison.
((Your flesh is very heat resistant. (rF++)))
((You are vulnerable to cold. (rC-)))
You float through the air rather than walking.
You learn spells naturally, not from books.
Your magical power is your life essence.
You have superior vitality. (+4 HP)


Message History

Unknown command.
You punch the eight-headed hydra! You freeze the eight-headed hydra.
The eight-headed hydra is almost dead.
The elephant tramples you.
* * * LOW HITPOINT WARNING * * *
You hold your ground!
The elephant trunk-slaps you but does no damage.
The eight-headed hydra closely misses you.
The eight-headed hydra barely misses you.
The eight-headed hydra bites you!
* * * LOW HITPOINT WARNING * * *
The eight-headed hydra bites you!
* * * LOW HITPOINT WARNING * * *
The eight-headed hydra closely misses you.
The eight-headed hydra bites you!
* * * LOW HITPOINT WARNING * * *
The eight-headed hydra bites you but does no damage.
The eight-headed hydra completely misses you.
Unknown command.
You pummel the eight-headed hydra!!
The eight-headed hydra seems to slow down.
You freeze the eight-headed hydra.
You kill the eight-headed hydra!
Makhleb accepts your kill.
You feel better. The elephant tramples you!
* * * LOW HITPOINT WARNING * * *
You hold your ground!
The elephant trunk-slaps you but does no damage.
You have reached level 14!
Unknown command.
Casting: Ice Form (mildly dangerous; 1% risk of failure)
Confirm with . or Enter, or press ? or * to list all spells.
Okay, then.
Unknown command.
Casting: Ice Form (mildly dangerous; 1% risk of failure)
Confirm with . or Enter, or press ? or * to list all spells.
You blink.
* * * LOW HITPOINT WARNING * * *
The elephant tramples you.
You die...

............#
............###
..............##
...............###
#.....##P#.....#.#
##.P#######......###
#### ##.....#.#
##.......##
#.#...Y...###
#####.Y...#.#
#..§...## ########


You could see an elephant.

Vanquished Creatures
  4 hydras (Lair:5)
  A catoblepas (Lair:3)
  A death yak (Lair:3)
  Nergalle (Lair:4)
  A fire crab (Volcano)
  5 lindwurms
  2 elephants (Lair:5)
  2 torpor snails
  5 black mambas
  9 cane toads
  2 rime drakes
  5 komodo dragons
  A polar bear (Lair:1)
  A hornet (D:9)
  8 blink frogs (Lair:2)
  30 yaks
  2 wyverns
  6 fire bats (Volcano)
  A basilisk (Lair:5)
  2 steam dragons (Volcano)
  3 nagas (Lair:2)
  2 acid dragons
  7 water moccasins
  An orc warrior (D:9)
  A hornet zombie (D:8)
  A sky beast (D:6)
  2 black bears
  2 ice beasts
  3 centaurs
  2 ogres
  A lemure (D:7)
  A phantom (D:6)
  2 kobold brigands (D:3)
  15 bullfrogs
  2 scorpions
  A wyvern skeleton (D:7)
  6 killer bees (D:9)
  5 wights (D:7)
  3 bullfrog zombies (D:6)
  2 howler monkeys (D:6)
  A centaur zombie (D:7)
  A bullfrog skeleton (D:5)
  4 orc priests
  3 hounds
  2 centaur skeletons
  3 gnoll shamans
  8 orc wizards
  An iguana (D:3)
  21 gnolls
  7 adders
  2 white imps
  An ufetubus (D:5)
  An adder skeleton (D:4)
  A worm (D:3)
  34 orcs
  4 bats
  5 endoplasms
  A giant cockroach (D:1)
  5 goblins
  9 hobgoblins
  13 kobolds
  A quokka (D:5)
  2 ball pythons
  5 frilled lizards
  A hobgoblin zombie (Ossuary)
  3 orc zombies (Ossuary)
  4 rats
  2 rat zombies (D:4)
  A spectral hobgoblin (D:2)
297 creatures vanquished.

Vanquished Creatures (others)
  Harold (D:8)
  3 hydras
  A two-headed ogre (D:8)
  Joseph (D:9)
  Maggie (D:8)
  A shadow (D:9)
  2 orc warriors (D:7)
  A scorpion (D:4)
  2 jellies
  An iguana (D:5)
  An orc (D:7)
  30 fungi
  42 plants
87 creatures vanquished.

Grand Total: 384 creatures vanquished

Notes
Turn   | Place    | Note
-------+----------+-------------------------------------------
     0 | D:1      | finalDestination the Djinni Transmuter began the quest for
                  | the Orb.
     0 | D:1      | Reached XP level 1. HP: 17/17 MP: 0/0
   341 | D:1      | Reached XP level 2. HP: 19/22 MP: 0/0
  1561 | D:2      | Reached XP level 3. HP: 26/27 MP: 0/0
  1561 | D:2      | Learned a level 1 spell: Sting
  1688 | D:2      | Found a faded altar of an unknown god.
  2595 | D:2      | Reached XP level 4. HP: 30/32 MP: 0/0
  3250 | D:3      | Reached XP level 5. HP: 26/37 MP: 0/0
  3250 | D:3      | Learned a level 2 spell: Blink
  3371 | D:3      | Noticed a kobold brigand
  3406 | D:3      | Killed a kobold brigand
  3407 | D:3      | Reached XP level 6. HP: 29/42 MP: 0/0
  4757 | D:4      | Found a sand-covered staircase.
  4774 | Ossuary  | Entered an ossuary
  5269 | D:3      | Reached XP level 7. HP: 44/49 MP: 0/0
  5269 | D:3      | Learned a level 3 spell: Summon Guardian Golem
  5978 | D:5      | Entered Level 5 of the Dungeon
  5986 | D:5      | Found a snail-covered altar of Cheibriados.
  6049 | D:5      | Reached skill level 5 in Spellcasting
  6711 | D:5      | Reached XP level 8. HP: 56/56 MP: 0/0
  7261 | D:6      | Found a stormy altar of Qazlal.
  7392 | D:6      | Reached skill level 5 in Unarmed Combat
  7711 | D:6      | Found an iron altar of Okawaru.
  7711 | D:6      | Found a glowing golden altar of the Shining One.
  7719 | D:6      | Found an ornate altar of the Wu Jian Council.
  7721 | D:6      | Found a bloodstained altar of Trog.
  7723 | D:6      | Found a basalt altar of Yredelemnul.
  8106 | D:6      | Reached skill level 5 in Fighting
  8106 | D:6      | Reached XP level 9. HP: 48/65 MP: 0/0
  8106 | D:6      | Learned a level 3 spell: Stone Arrow
  8254 | D:6      | Found a staircase to the Ecumenical Temple.
  8355 | Temple   | Entered the Ecumenical Temple
  8594 | Temple   | Became a worshipper of Makhleb the Destroyer
  9489 | D:7      | Noticed Pikel
 10031 | D:7      | Found Raurrut's General Store.
 11151 | D:8      | Noticed Maggie
 11164 | D:8      | Killed Maggie
 11165 | D:8      | Reached XP level 10. HP: 51/73 MP: 0/0
 11620 | D:8      | Noticed a two-headed ogre
 11634 | D:8      | Killed a two-headed ogre
 11672 | D:8      | Found Noiczysch's Weapon Shop.
 11874 | D:8      | Noticed Harold
 11887 | D:8      | Killed Harold
 12529 | D:9      | Found a staircase to the Lair.
 12530 | D:9      | Noticed a komodo dragon
 12545 | D:9      | Killed a komodo dragon
 12929 | D:9      | Reached * piety under Makhleb
 13189 | D:9      | Reached XP level 11. HP: 39/81 MP: 0/0
 13189 | D:9      | Learned a level 4 spell: Sticky Flame
 14009 | D:9      | Found a staircase to the Orcish Mines.
 14320 | D:9      | Noticed Joseph
 14469 | D:9      | Killed Joseph
 14700 | Lair:1   | Entered Level 1 of the Lair of Beasts
 14786 | Lair:1   | Reached skill level 5 in Dodging
 15118 | Lair:1   | You are sucked into a shaft and drop 1 floor!
 15240 | Lair:2   | Noticed a lindwurm
 15355 | Lair:2   | Found a dark tunnel.
 15364 | Volcano  | Entered a volcano
 15396 | Volcano  | Noticed a fire crab
 15407 | Volcano  | Killed a fire crab
 15410 | Volcano  | Identified the +0 hat "Woar" {Int+5 Stlth+}
 15633 | Volcano  | Noticed a lindwurm
 15651 | Volcano  | Killed a lindwurm
 17046 | Lair:2   | Noticed a seven-headed hydra
 17059 | Lair:2   | Killed a seven-headed hydra
 17060 | Lair:2   | Reached XP level 12. HP: 85/89 MP: 0/0
 17262 | Lair:2   | Found a staircase to the Shoals.
 17755 | Lair:2   | Reached skill level 10 in Unarmed Combat
 17874 | Lair:2   | Reached ** piety under Makhleb
 18090 | Lair:2   | Identified the +1 plate armour of the Trilobite {Int+4}
 18319 | Lair:2   | Noticed Urug
 18511 | Lair:2   | Found a staircase to the Snake Pit.
 18608 | Lair:2   | Reached skill level 10 in Fighting
 18956 | Lair:3   | Noticed Rupert
 18957 | Lair:3   | Noticed a death yak
 18979 | Lair:3   | Reached skill level 1 in Invocations
 19424 | Lair:3   | Killed a death yak
 20040 | Lair:3   | Reached XP level 13. HP: 97/97 MP: 0/0
 20040 | Lair:3   | Learned a level 5 spell: Bolt of Magma
 20120 | Lair:3   | Noticed a catoblepas
 20799 | Lair:3   | Killed a catoblepas
 20800 | Lair:3   | Reached skill level 10 in Spellcasting
 21190 | Lair:4   | Noticed Daelid's ghost (journeyman MfGl)
 21191 | Lair:4   | Found a large runed translucent door.
 21191 | Lair:4   | Found a large runed translucent door.
 21496 | Lair:4   | Noticed Nergalle
 21512 | Lair:4   | Killed Nergalle
 22344 | Lair:5   | Noticed an eight-headed hydra
 22409 | Lair:5   | Noticed a six-headed hydra
 22418 | Lair:5   | Killed a six-headed hydra
 22681 | Lair:5   | Killed an eight-headed hydra
 22933 | Lair:5   | Noticed a seven-headed hydra
 22933 | Lair:5   | Noticed a five-headed hydra
 22995 | Lair:5   | Found the +2 robe of Vines {NoPotionHeal Regen+++}
 23380 | Lair:5   | Noticed a seven-headed hydra
 23388 | Lair:5   | Killed a seven-headed hydra
 23390 | Lair:5   | Killed a seven-headed hydra
 23619 | Lair:5   | Killed a five-headed hydra
 24371 | Lair:6   | Entered Level 6 of the Lair of Beasts
 25041 | Lair:6   | Noticed an eight-headed hydra
 25068 | Lair:5   | HP: 3/118 [eight-headed hydra (9)]
 25069 | Lair:5   | Killed an eight-headed hydra
 25069 | Lair:5   | HP: 1/118 [elephant (10)]
 25070 | Lair:5   | Reached XP level 14. HP: 1/105 MP: 0/0
 25082 | Lair:5   | Slain by an elephant

Illustrated notes

Levels and vault maps discovered:
D:1:      psy_arrival_spokes, layout_basic
D:2:      layout_basic, dreamdust_ecumenical_altar_drowned_temple,
          kennysheep_generic_room_5
D:3:      cheibrodos_thug_alley, layout_basic, minivault_4
D:4:      layout_basic, enter_ossuary_4, minmay_misc_feat_diagonals
D:5:      layout_basic, amcnicky_altar_gilded
D:6:      layout_loops_ring, mainiacjoe_overflow_catwalk,
          chequers_temple_overflow_minitemple, minmay_temple_entry_nine_rooms,
          minmay_splitting_lines, hangedman_glass_teeth, minmay_starry_boxes
D:7:      layout_basic, nicolae_vehumet_altar_sigil, serial_shops,
          kennysheep_mini, uniq_pikel
D:8:      layout_rooms, serial_shops, nicolae_shop_stone, uniq_harold,
          uniq_maggie
D:9:      layout_basic, david_lair_shrubbed, hiddenorc1_lemuel, uniq_joseph
Temple:   nicolae_temple_figure_eight
Lair:1:   layout_regular_city, uniq_fannar
Lair:2:   layout_cave_pods, minmay_shoals_entry_centaurs,
          guppyfry_snake_entry_island, nicolae_volcano_entry_two_sided,
          minmay_lindwurm_lava, uniq_urug
Lair:3:   layout_cave_pods, minmay_stone_trees_medium,
          minmay_lair_oklob_chamber, uniq_rupert
Lair:4:   layout_cave_pods, ebering_ghost_disaster_area, uniq_nergalle
Lair:5:   layout_hall_layers, hellmonk_guarded_unrand_vines
Lair:6:   minmay_lair_end_enchanted_forest, layout_gridlike,
          dpeg_slime_entry_corner, serial_forest, infiniplex_forest_lined_4_way,
          infiniplex_forest_lined_2, infiniplex_forest_zigzag_1,
          infiniplex_forest_clump_double

Skill      XL: |  1  2  3  4  5  6  7  8  9 10 11 12 13 |
---------------+----------------------------------------+-----
Spellcasting   | 2 3 4 5 6 7 8 9 10 | 10.5
Fighting       | 2 3 5 6 7 9 10 11 | 11.3
Unarmed Combat | 4 5 7 8 9 10 11 | 11.7
Dodging        | 3 7 8 9 |  9.7
Invocations    | 2 4 |  4.0

Action                   |  1- 3 |  4- 6 |  7- 9 | 10-12 | 13-15 || total
-------------------------+-------+-------+-------+-------+-------++-------
Melee: Unarmed           |   102 |    65 |   179 |   270 |   124 ||   740
       Headbutt          |    12 |     4 |     3 |       |       ||    19
       Punch             |       |       |     1 |     1 |       ||     2
 Cast: Beastly Appendage |    21 |     3 |     1 |       |       ||    25
       Wereblood         |     3 |     1 |     2 |     5 |       ||    11
       Sting             |    14 |    81 |    44 |       |       ||   139
       Spider Form       |       |     2 |     5 |     3 |       ||    10
       Summon Guardian G |       |       |    11 |    12 |    12 ||    35
       Ice Form          |       |       |    21 |    33 |    23 ||    77
       Stone Arrow       |       |       |    19 |    93 |       ||   112
       Blink             |       |       |       |     1 |     2 ||     3
       Sticky Flame      |       |       |       |     2 |       ||     2
       Bolt of Magma     |       |       |       |       |    44 ||    44
 Abil: End Transformatio |       |       |     3 |     1 |       ||     4
 Stab: Sleeping          |       |       |     1 |       |       ||     1
Armor: Robe              |    16 |     8 |     5 |     4 |       ||    33
       Skin              |       |     3 |    28 |    61 |    45 ||   137
Dodge: Dodged            |    50 |    47 |   102 |   148 |    86 ||   433

Table legend: (Time is in decaauts)
 A = Elapsed time spent in this place.
 B = Non-inter-level travel time spent in this place.
 C = Inter-level travel time spent in this place.
 D = Time resting spent in this place.
 E = Time spent auto-exploring this place.
 F = Levels seen in this place.
 G = Mean time per level.
                   A        B        C        D        E       F      G
               +--------+--------+--------+--------+--------+-----+--------+
         Total |  25021 |  24059 |    962 |   9627 |   8445 |  18 | 1390.1 |
       Dungeon |  14328 |  13768 |    560 |   5043 |   5849 |   9 | 1592.0 |
        Temple |    251 |    240 |     11 |      0 |    219 |   1 |  251.0 |
          Lair |   9723 |   9332 |    391 |   4133 |   2377 |   6 | 1620.5 |
       Ossuary |     88 |     88 |      0 |     29 |      0 |   1 |   88.0 |
       Volcano |    628 |    628 |      0 |    422 |      0 |   1 |  628.0 |
               +--------+--------+--------+--------+--------+-----+--------+

Top non-repeatable levels by time:
  Lair:5: 2730 daAuts
  Lair:2: 2685 daAuts
     D:9: 2324 daAuts
     D:7: 1852 daAuts
     D:3: 1761 daAuts
     D:6: 1696 daAuts
  Lair:3: 1694 daAuts
     D:2: 1682 daAuts
  Lair:1: 1408 daAuts
     D:5: 1393 daAuts
     D:1: 1299 daAuts
     D:8: 1176 daAuts
     D:4: 1142 daAuts
  Lair:4: 1112 daAuts
 Volcano: 628 daAuts
